 Dungeon Crawl Stone Soup version 0.28-a0-60-g54b5640690 (webtiles) character file.

Game seed: 3582973992508705813

315 bande the Shield-Bearer (level 6, -6/38 HPs)
             Began as a Gargoyle Fighter on July 30, 2021.
             Was an Initiate of Okawaru.
             Killed by divine providence
             ... invoked by an orc priest
              (9 damage)
             ... on level 4 of the Dungeon.
             The game lasted 00:05:54 (4505 turns).

bande the Shield-Bearer (Gargoyle Fighter)          Turns: 4505, Time: 00:05:55

Health: -6/38      AC: 15    Str: 21    XL:     6   Next: 43%
Magic:  6/6        EV:  5    Int:  8    God:    Okawaru [......]
Gold:   126        SH:  9    Dex: 10    Spells: 5/5 levels left

rFire   . . .      SeeInvis .   a - +0 war axe
rCold   . . .      Faith    .   c - +0 kite shield
rNeg    + . .      Spirit   .   g - +0 chain mail
rPois   ∞          Reflect  .   b - +0 helmet
rElec   +          Harm     .   (no cloak)
rCorr   .          Rampage  .   (no gloves)
Will    .....                   (no boots)
Stlth   ..........              (no amulet)
HPRegen 0.12/turn               (no ring)
MPRegen 0.10/turn               (no ring)

@: no status effects
A: sickness immunity, AC +4, negative energy resistance 1, electricity
resistance, torment resistance 1, petrification resistance
a: Renounce Religion


You were on level 4 of the Dungeon.
You worshipped Okawaru.
Okawaru was noncommittal.
You visited 2 branches of the dungeon, and saw 5 of its levels.

You collected 126 gold pieces.

Inventory:

Hand Weapons
 a - a +0 war axe (weapon)
 d - a +0 flail
Armour
 b - a +0 helmet (worn)
 c - a +0 kite shield (worn)
 g - a +0 chain mail (worn)
Wands
 e - a wand of digging (2)
Scrolls
 f - a scroll of acquirement {unknown}
 h - a scroll of blinking {unknown}
 i - a scroll of immolation {unknown}
 j - a scroll of amnesia {unknown}
 k - 2 scrolls of noise {unknown}


   Skills:
 + Level 4.2 Fighting
 + Level 4.1 Axes
 + Level 4.3 Armour
 + Level 0.4 Dodging
 + Level 4.7 Shields


You had 5 spell levels left.
You didn't know any spells.
Your spell library contained the following spells:

 Spells                   Type           Power      Damage    Failure   Level
 Passwall                 Tmut/Erth      0%         N/A       100%        2
 Swiftness                Air            0%         N/A       100%        3
 Invisibility             Hex            0%         N/A       100%        6


Dungeon Overview and Level Annotations

Branches:
Dungeon (4/15)             Temple (1/1) D:4

Altars:
Ashenzari
Fedhas
Hepliaklqana
Makhleb
Okawaru
Ru
Trog
Uskayaw
Vehumet
Zin
The Shining One


Innate Abilities, Weirdness & Mutations

You are immune to sickness and miasma.
Your stone body is resilient. (AC +4)
You are immune to poison.
You resist negative energy. (rN+)
You are resistant to electric shocks. (rElec)
You are resistant to unholy torment.
You are immune to petrification.


Message History

You barely miss the orc priest. You miss the adder.
The adder bites you but does no damage.
The orc priest calls down the wrath of Beogh upon you.
Beogh smites you! The adder bites you but does no damage.
You block the orc priest's attack.
You hear a shout!
You barely miss the orc priest. You completely miss the adder.
You hear a shout!
You hear a bark! x2; You hear a shout!
The adder bites you. The adder bites you but does no damage.
The orc priest hits you but does no damage.
You are too injured to fight recklessly!
You are too injured to fight recklessly!
You are too injured to fight recklessly!
You are too injured to fight recklessly!
You are too injured to fight recklessly!
You are too injured to fight recklessly!
You are too injured to fight recklessly!
You are too injured to fight recklessly!
You are too injured to fight recklessly!
You are too injured to fight recklessly!
You are too injured to fight recklessly!
Unknown command.
You closely miss the orc priest. You hit the adder.
The adder barely misses you.
The orc priest invokes the aid of Beogh against you.
Beogh smites you!
* * * LOW HITPOINT WARNING * * *
The adder bites you but does no damage. You block the orc priest's attack.
Your chain mail prevents you from hitting the orc priest.
You closely miss the adder. The adder bites you.
* * * LOW HITPOINT WARNING * * *
You block the adder's attack.
The orc priest hits you but does no damage.
You hit the orc priest but do no damage.
You hit the adder. The adder bites you but does no damage.
The orc priest hits you but does no damage.
You block the adder's attack.
The orc priest invokes the aid of Beogh against you.
Beogh smites you!
You die...

##
.###############
.'.............##
.#############..#
.# ##.# .# #.##
.# #..# .# ##@#
.# #oS# ## ##.#
.# .. #.# .. #.#


You could see an orc priest and an adder.

Vanquished Creatures
  A bullfrog zombie (D:3)
  An orc priest (D:4)
  Jessica (D:2)
  An iguana (D:4)
  An orc wizard (D:4)
  A hound skeleton (D:4)
  Robin (D:2)
  A gnoll (D:1)
  4 adders
  2 worms
  A dart slug (D:2)
  7 orcs
  An endoplasm (D:2)
  16 goblins
  9 hobgoblins
  4 jackals (D:3)
  6 kobolds
  5 quokkas
  7 ball pythons
  2 bats (D:3)
  2 frilled lizards (D:1)
  20 rats
94 creatures vanquished.

Vanquished Creatures (others)
  A goblin (D:2)
1 creature vanquished.

Grand Total: 95 creatures vanquished

Notes
Turn   | Place    | Note
-------+----------+-------------------------------------------
     0 | D:1      | bande the Gargoyle Fighter began the quest for the Orb.
     0 | D:1      | Reached XP level 1. HP: 14/14 MP: 1/1
  1007 | D:1      | Reached XP level 2. HP: 19/19 MP: 2/2
  1448 | D:1      | Reached XP level 3. HP: 15/23 MP: 3/3
  1905 | D:2      | Reached XP level 4. HP: 15/29 MP: 4/4
  2244 | D:2      | Found a faded altar of an unknown god.
  2309 | D:2      | Noticed Jessica
  2320 | D:2      | Killed Jessica
  2479 | D:2      | Noticed Robin
  2513 | D:2      | Killed Robin
  2514 | D:2      | Reached XP level 5. HP: 2/33 MP: 5/5
  3679 | D:3      | Found a burning altar of Makhleb.
  3825 | D:4      | Found a staircase to the Ecumenical Temple.
  3834 | Temple   | Entered the Ecumenical Temple
  3982 | Temple   | Became a worshipper of Warmaster Okawaru
  4079 | D:4      | Reached XP level 6. HP: 28/38 MP: 6/6
  4505 | D:4      | Killed from afar by an orc priest

Illustrated notes

Levels and vault maps discovered:
D:1:      dpeg_arrival_court, layout_basic
D:2:      layout_rooms, ebering_ecumenical_altar_rust, kennysheep_jessica_study,
          uniq_robin
D:3:      layout_rooms, nicolae_overflow_crystal_walls, minmay_rat_hole
D:4:      layout_basic, lemuel_coloured_pillars_altar, temple_fountains
Temple:   minmay_temple_curvy_loop

Skill      XL: |  1  2  3  4  5  6 |
---------------+-------------------+-----
Axes           | 2 3 4 |  4.1
Armour         | 4 |  4.3
Shields        | 4 |  4.7
Fighting       | 4 |  4.2
Dodging        | |  0.4

Action                   |  1- 3 |  4- 6 || total
-------------------------+-------+-------++-------
Melee: War axe           |    87 |   160 ||   247
  Use: Potion            |       |     4 ||     4
Armor: Scale mail        |    59 |       ||    59
       Chain mail        |       |   132 ||   132
Dodge: Dodged            |    38 |    60 ||    98
Block: Kite shield       |    65 |   126 ||   191

Table legend: (Time is in decaauts)
 A = Elapsed time spent in this place.
 B = Non-inter-level travel time spent in this place.
 C = Inter-level travel time spent in this place.
 D = Time resting spent in this place.
 E = Time spent auto-exploring this place.
 F = Levels seen in this place.
 G = Mean time per level.
                   A        B        C        D        E       F      G
               +--------+--------+--------+--------+--------+-----+--------+
         Total |   4614 |   4491 |    123 |   1140 |   2500 |   5 |  922.8 |
       Dungeon |   4443 |   4320 |    123 |   1140 |   2357 |   4 | 1110.8 |
        Temple |    170 |    170 |      0 |      0 |    143 |   1 |  170.0 |
               +--------+--------+--------+--------+--------+-----+--------+

Top non-repeatable levels by time:
     D:1: 1779 daAuts
     D:2: 1333 daAuts
     D:3: 1055 daAuts
     D:4: 274 daAuts
  Temple: 170 daAuts
